General information
- name: BNet
- type: Ladder team game (AT/RT)
- host: Battle.net
- saver: dogsandhorse.ru
map: UpperKingdom
- players: 6
- length: 78:58
- speed: Fast
- version: 1.29 W3XP
- replay type:

» download(887 KB)
Players
team 1 (loser)
Closedxp (
blue | 88 APM | 6951 actions | 78:56)
5 Blademaster
2 Wind Walk
3 Critical Strike
4 Shadow Hunter
2 Healing Wave
2 Hex
4 Tauren Chieftain
2 Endurance Aura
2 War Stomp
» actions
| Assign group hotkey | 52 | |
| Basic commands | 209 | |
| Build / train | 125 | |
| Enter build submenu | 42 | |
| Enter hero's abilities submenu | 14 | |
| Give item / drop item | 7 | |
| Remove unit from queue | 10 | |
| Right click | 3065 | |
| Select / deselect | 770 | |
| Select group hotkey | 2376 | |
| Use ability | 281 | |
6951 total
» units
| Peon | 17 | |
| Grunt | 5 | |
| Raider | 4 | |
| Spirit Walker | 1 | |
| Troll Batrider | 4 | |
| Kodo Beast | 1 | |
| Demolisher | 5 | |
| Troll Witch Doctor | 5 | |
| Tauren | 8 | |
| Shaman | 5 | |
55 total
» upgrades
| Armor | 3 | |
| Ensnare | 1 | |
| Spirit Walker Training | 2 | |
| Ranged Weapons | 3 | |
| Burning Oil | 1 | |
| Reinforced Defenses | 1 | |
| War Drums Damage Increase | 1 | |
| Pillage | 1 | |
| Liquid Fire | 1 | |
| Witch Doctor Training | 2 | |
| Melee Weapons | 3 | |
| Pulverize | 1 | |
| Shaman Training | 2 | |
| Spiked Barricades | 3 | |
25 total
» buildings
| Altar of Storms | 1 | |
| Orc Burrow | 7 | |
| Barracks | 1 | |
| Voodoo Lounge | 1 | |
| War Mill | 3 | |
| Stronghold | 1 | |
| Watch Tower | 38 | |
| Spirit Lodge | 2 | |
| Beastiary | 3 | |
| Fortress | 1 | |
| Great Hall | 3 | |
| Tauren Totem | 2 | |
63 total
» build order
00:06 Altar of Storms
00:16 Orc Burrow
00:35 Barracks
01:24 Orc Burrow
01:57 Voodoo Lounge
04:44 War Mill
04:49 Stronghold
06:25 Watch Tower
07:19 Spirit Lodge
07:22 Beastiary
07:29 Orc Burrow
08:23 Beastiary
08:25 Fortress
08:42 Watch Tower
10:02 Orc Burrow
15:00 Beastiary
15:09 Watch Tower
15:10 Watch Tower
16:52 Orc Burrow
16:53 Orc Burrow
16:54 Orc Burrow
17:09 Watch Tower
17:15 Watch Tower
17:15 Watch Tower
17:16 Watch Tower
19:59 Great Hall
20:48 Great Hall
22:26 Watch Tower
22:27 Watch Tower
27:44 Tauren Totem
31:14 War Mill
33:22 Watch Tower
33:22 Watch Tower
33:23 Watch Tower
33:23 Watch Tower
35:19 Tauren Totem
35:45 Spirit Lodge
35:47 Watch Tower
35:48 Watch Tower
40:10 Watch Tower
40:10 Watch Tower
40:49 Great Hall
42:27 Watch Tower
42:28 Watch Tower
44:57 War Mill
45:33 Watch Tower
61:26 Watch Tower
61:26 Watch Tower
61:27 Watch Tower
61:28 Watch Tower
61:29 Watch Tower
61:30 Watch Tower
64:23 Watch Tower
64:23 Watch Tower
65:35 Watch Tower
65:36 Watch Tower
66:32 Watch Tower
66:33 Watch Tower
66:34 Watch Tower
66:34 Watch Tower
66:34 Watch Tower
66:35 Watch Tower
66:36 Watch Tower
» items
| Healing Salve | 4 | |
| Scroll of Speed | 2 | |
| Orb of Lightning | 2 | |
| Lesser Clarity Potion | 1 | |
| Scroll of Town Portal | 1 | |
| Potion of Healing | 3 | |
| Potion of Mana | 2 | |
15 total
comboplus (
pink | 84 APM | 6189 actions | 73:48)
6 Warden
3 Shadow Strike
2 Blink
1 Spirit of Vengeance
3 Priestess of the Moon
1 Trueshot Aura
2 Scout
2 Keeper of the Grove
1 Entangling Roots
1 Thorns Aura
» actions
| Assign group hotkey | 109 | |
| Basic commands | 17 | |
| Build / train | 123 | |
| Enter build submenu | 32 | |
| Enter hero's abilities submenu | 12 | |
| Give item / drop item | 1 | |
| Remove unit from queue | 4 | |
| Right click | 4068 | |
| Select / deselect | 732 | |
| Select group hotkey | 789 | |
| Use ability | 301 | |
6189 total
» units
| Wisp | 34 | |
| Archer | 1 | |
| Huntress | 7 | |
| Hippogryph | 8 | |
| Druid of the Talon | 2 | |
| Chimaera | 27 | |
79 total
» upgrades
| Strength of the Wild | 3 | |
| Reinforced Hides | 3 | |
| Sentinel | 1 | |
| Corrosive Breath | 1 | |
| Nature's Blessing | 1 | |
| Well Spring | 1 | |
10 total
» buildings
| Moon Well | 11 | |
| Altar of Elders | 1 | |
| Ancient of War | 1 | |
| Hunter's Hall | 2 | |
| Ancient Protector | 15 | |
| Tree of Ages | 1 | |
| Ancient of Lore | 1 | |
| Ancient of Wind | 1 | |
| Tree of Eternity | 1 | |
| Ancient of Wonders | 2 | |
| Chimaera Roost | 1 | |
| Tree of Life | 3 | |
40 total
» build order
00:11 Moon Well
00:18 Altar of Elders
01:05 Ancient of War
02:25 Hunter's Hall
03:34 Moon Well
03:36 Moon Well
04:12 Ancient Protector
04:41 Tree of Ages
07:10 Moon Well
07:18 Ancient of Lore
07:42 Ancient of Wind
09:01 Tree of Eternity
09:05 Moon Well
09:10 Ancient Protector
11:17 Ancient of Wonders
12:11 Chimaera Roost
12:20 Moon Well
16:32 Moon Well
19:12 Ancient Protector
22:05 Ancient Protector
22:23 Ancient Protector
24:50 Ancient Protector
24:51 Ancient Protector
28:11 Ancient Protector
28:13 Ancient Protector
28:14 Ancient Protector
28:17 Tree of Life
32:16 Ancient Protector
33:12 Ancient Protector
33:13 Ancient Protector
33:46 Tree of Life
35:12 Ancient of Wonders
45:24 Tree of Life
49:32 Hunter's Hall
50:42 Ancient Protector
63:14 Moon Well
63:15 Moon Well
66:31 Moon Well
66:31 Moon Well
68:29 Ancient Protector
» items
| Lesser Clarity Potion | 4 | |
| Scroll of Speed | 3 | |
| Orb of Lightning | 4 | |
| Scroll of Town Portal | 3 | |
14 total
Hypello (
red | 61 APM | 4535 actions | 74:27)
5 Shadow Hunter
2 Hex
3 Healing Wave
4 Tauren Chieftain
2 Endurance Aura
2 War Stomp
» actions
| Assign group hotkey | 41 | |
| Basic commands | 182 | |
| Build / train | 149 | |
| ESC pressed | 1 | |
| Enter build submenu | 38 | |
| Enter hero's abilities submenu | 9 | |
| Give item / drop item | 1 | |
| Remove unit from queue | 12 | |
| Right click | 1892 | |
| Select / deselect | 738 | |
| Select group hotkey | 1116 | |
| Use ability | 355 | |
4535 total
» units
| Peon | 15 | |
| Grunt | 4 | |
| Troll Witch Doctor | 19 | |
| Troll Headhunter/Berserker | 12 | |
| Demolisher | 16 | |
| Shaman | -2 | |
64 total
» upgrades
| Berserker Strength | 1 | |
| Spiked Barricades | 1 | |
| Armor | 3 | |
| Melee Weapons | 1 | |
| Witch Doctor Training | 2 | |
| Troll Regeneration | 1 | |
| Berserker Upgrade | 1 | |
| Ranged Weapons | 3 | |
| Burning Oil | 1 | |
| Reinforced Defenses | 1 | |
15 total
» buildings
| Altar of Storms | 1 | |
| Orc Burrow | 6 | |
| Barracks | 1 | |
| Voodoo Lounge | 5 | |
| Stronghold | 1 | |
| War Mill | 1 | |
| Watch Tower | 32 | |
| Spirit Lodge | 1 | |
| Beastiary | 1 | |
| Fortress | 1 | |
| Great Hall | 3 | |
| Tauren Totem | 1 | |
54 total
» build order
00:06 Altar of Storms
00:11 Orc Burrow
00:44 Barracks
01:26 Voodoo Lounge
02:00 Orc Burrow
03:12 Stronghold
03:38 War Mill
04:21 Orc Burrow
04:46 Orc Burrow
05:11 Watch Tower
06:32 Watch Tower
07:11 Spirit Lodge
07:42 Beastiary
09:00 Fortress
12:01 Great Hall
12:26 Watch Tower
13:57 Watch Tower
14:22 Orc Burrow
14:27 Orc Burrow
14:42 Watch Tower
14:42 Watch Tower
22:06 Voodoo Lounge
22:23 Watch Tower
22:24 Watch Tower
29:21 Voodoo Lounge
31:01 Watch Tower
31:01 Watch Tower
31:01 Watch Tower
31:01 Watch Tower
31:17 Watch Tower
34:02 Watch Tower
35:31 Watch Tower
36:51 Watch Tower
36:52 Watch Tower
36:52 Watch Tower
37:57 Watch Tower
37:58 Watch Tower
38:56 Tauren Totem
44:51 Great Hall
45:17 Watch Tower
45:18 Watch Tower
45:18 Watch Tower
45:20 Watch Tower
45:20 Watch Tower
45:21 Watch Tower
45:21 Watch Tower
46:49 Great Hall
50:02 Watch Tower
50:03 Watch Tower
50:04 Watch Tower
50:04 Watch Tower
50:05 Watch Tower
63:05 Voodoo Lounge
64:04 Voodoo Lounge
» items
| Healing Salve | 4 | |
| Lesser Clarity Potion | 38 | |
| Orb of Lightning | 3 | |
45 total
team 2 (winner)
dogsandhorse.ru (
orange | 133 APM | 10481 actions | 78:58)
7 Blademaster
3 Wind Walk
3 Critical Strike
1 Bladestorm
» actions
| Assign group hotkey | 30 | |
| Basic commands | 21 | |
| Build / train | 89 | |
| ESC pressed | 3 | |
| Enter build submenu | 33 | |
| Enter hero's abilities submenu | 7 | |
| Give item / drop item | 13 | |
| Remove unit from queue | 1 | |
| Right click | 8219 | |
| Select / deselect | 652 | |
| Select group hotkey | 1038 | |
| Use ability | 371 | |
10481 total
» units
| Peon | 16 | |
| Troll Batrider | 20 | |
| Wind Rider | 9 | |
45 total
» upgrades
| Ranged Weapons | 3 | |
| Armor | 3 | |
| Liquid Fire | 1 | |
| Troll Regeneration | 1 | |
| Reinforced Defenses | 1 | |
| Ensnare | 0 | |
| Envenomed Spears | 1 | |
10 total
» buildings
| Altar of Storms | 1 | |
| Orc Burrow | 7 | |
| War Mill | 1 | |
| Voodoo Lounge | 4 | |
| Watch Tower | 14 | |
| Stronghold | 1 | |
| Beastiary | 3 | |
| Fortress | 3 | |
| Great Hall | 2 | |
| Barracks | 1 | |
37 total
» build order
00:15 Altar of Storms
00:24 Orc Burrow
00:40 War Mill
01:34 Voodoo Lounge
01:49 Voodoo Lounge
02:16 Watch Tower
02:33 Watch Tower
03:15 Watch Tower
03:17 Stronghold
03:49 Voodoo Lounge
04:08 Orc Burrow
04:09 Orc Burrow
04:24 Watch Tower
04:26 Watch Tower
04:32 Watch Tower
04:43 Watch Tower
04:47 Watch Tower
05:39 Beastiary
05:40 Beastiary
07:42 Voodoo Lounge
08:42 Fortress
08:42 Fortress
08:42 Fortress
11:15 Orc Burrow
12:47 Watch Tower
12:48 Watch Tower
12:48 Watch Tower
12:53 Watch Tower
16:36 Great Hall
19:06 Barracks
19:57 Great Hall
21:56 Watch Tower
21:56 Watch Tower
65:23 Beastiary
65:25 Orc Burrow
65:27 Orc Burrow
65:27 Orc Burrow
» items
| Healing Salve | 4 | |
| Lesser Clarity Potion | 7 | |
| Orb of Lightning | 1 | |
| Scroll of Town Portal | 4 | |
16 total
iggy_the_fisk (
yellow | 137 APM | 10804 actions | 78:56)
6 Archmage
3 Blizzard
2 Brilliance Aura
1 Mass Teleport
6 Blood Mage
3 Flame Strike
2 Siphon Mana
1 Summon Phoenix
6 Goblin Tinker
3 Cluster Rockets
2 Engineering Upgrade
1 Robo-Goblin
» actions
| Assign group hotkey | 369 | |
| Basic commands | 76 | |
| Build / train | 177 | |
| Enter build submenu | 113 | |
| Enter hero's abilities submenu | 18 | |
| Give item / drop item | 8 | |
| Remove unit from queue | 2 | |
| Right click | 5368 | |
| Select / deselect | 816 | |
| Select group hotkey | 3027 | |
| Use ability | 830 | |
10804 total
» units
| Peasant | 21 | |
| Dragonhawk Rider | 7 | |
| Sorceress | 1 | |
| Priest | 1 | |
| Gryphon Rider | 3 | |
33 total
» upgrades
| Masonry | 3 | |
| Lumber Harvesting | 2 | |
| Magic Sentry | 1 | |
| Swords | 3 | |
| Armor | 3 | |
| Animal War Training | 1 | |
| Sorceress Training | 2 | |
| Priest Training | 2 | |
| Storm Hammers | 1 | |
| Cloud | 1 | |
19 total
» buildings
| Altar of Kings | 1 | |
| Lumber Mill | 1 | |
| Farm | 14 | |
| Scout Tower | 166 | |
| Arcane Tower | 14 | |
| Guard Tower | 57 | |
| Keep | 1 | |
| Arcane Vault | 3 | |
| Castle | 1 | |
| Town Hall | 1 | |
| Arcane Sanctum | 1 | |
| Gryphon Aviary | 3 | |
| Barracks | 1 | |
| Blacksmith | 1 | |
265 total
» build order
00:03 Altar of Kings
00:20 Lumber Mill
00:22 Farm
00:38 Scout Tower
00:47 Scout Tower
01:09 Scout Tower
01:16 Scout Tower
01:37 Arcane Tower
01:37 Arcane Tower
01:53 Arcane Tower
01:53 Arcane Tower
02:08 Farm
02:15 Guard Tower
02:15 Guard Tower
02:26 Guard Tower
02:39 Scout Tower
02:41 Scout Tower
03:12 Scout Tower
03:12 Guard Tower
03:15 Scout Tower
03:15 Guard Tower
03:45 Scout Tower
03:45 Guard Tower
03:52 Scout Tower
03:55 Guard Tower
04:18 Scout Tower
04:18 Guard Tower
04:34 Scout Tower
04:35 Scout Tower
05:07 Guard Tower
06:01 Keep
06:32 Guard Tower
06:34 Scout Tower
06:38 Scout Tower
06:38 Scout Tower
06:42 Guard Tower
06:44 Farm
07:03 Guard Tower
07:43 Scout Tower
07:44 Scout Tower
07:46 Guard Tower
07:48 Arcane Vault
07:49 Scout Tower
07:51 Scout Tower
08:11 Scout Tower
08:12 Scout Tower
08:13 Scout Tower
08:55 Guard Tower
08:56 Scout Tower
08:57 Scout Tower
09:16 Castle
09:22 Scout Tower
09:23 Scout Tower
09:26 Arcane Tower
09:30 Scout Tower
09:31 Scout Tower
09:32 Scout Tower
09:34 Scout Tower
09:34 Scout Tower
09:35 Scout Tower
09:35 Scout Tower
09:40 Arcane Tower
09:43 Guard Tower
09:47 Guard Tower
09:48 Scout Tower
09:51 Scout Tower
09:52 Scout Tower
10:30 Guard Tower
10:33 Scout Tower
10:35 Scout Tower
10:47 Guard Tower
10:49 Guard Tower
11:07 Farm
11:17 Guard Tower
11:45 Town Hall
12:12 Guard Tower
12:15 Scout Tower
12:16 Scout Tower
12:20 Arcane Sanctum
12:31 Scout Tower
12:31 Scout Tower
12:32 Scout Tower
12:54 Arcane Vault
12:57 Arcane Vault
13:18 Guard Tower
13:39 Arcane Tower
13:39 Guard Tower
13:59 Guard Tower
14:43 Guard Tower
14:47 Scout Tower
14:47 Scout Tower
15:21 Scout Tower
15:21 Scout Tower
15:23 Scout Tower
15:24 Scout Tower
15:25 Scout Tower
15:32 Arcane Tower
15:35 Scout Tower
15:35 Scout Tower
15:36 Scout Tower
15:36 Scout Tower
15:37 Scout Tower
16:03 Guard Tower
16:05 Scout Tower
16:06 Scout Tower
16:09 Scout Tower
16:10 Scout Tower
16:15 Gryphon Aviary
16:16 Barracks
16:18 Blacksmith
16:40 Guard Tower
17:04 Guard Tower
17:27 Guard Tower
17:40 Scout Tower
17:40 Scout Tower
17:47 Scout Tower
17:48 Scout Tower
17:48 Scout Tower
17:49 Scout Tower
17:50 Scout Tower
17:50 Scout Tower
18:09 Guard Tower
18:34 Guard Tower
19:28 Scout Tower
19:52 Guard Tower
19:54 Scout Tower
19:56 Scout Tower
19:58 Guard Tower
20:02 Scout Tower
20:02 Scout Tower
20:04 Scout Tower
20:05 Scout Tower
20:08 Scout Tower
20:08 Scout Tower
20:09 Arcane Tower
21:38 Guard Tower
21:43 Scout Tower
21:46 Scout Tower
21:47 Scout Tower
21:48 Scout Tower
21:49 Scout Tower
21:49 Scout Tower
21:50 Scout Tower
21:51 Guard Tower
21:56 Scout Tower
21:57 Scout Tower
22:00 Scout Tower
22:02 Scout Tower
22:03 Scout Tower
22:05 Scout Tower
22:11 Scout Tower
22:12 Scout Tower
22:16 Arcane Tower
22:31 Guard Tower
22:53 Guard Tower
22:56 Guard Tower
23:45 Guard Tower
25:05 Guard Tower
26:17 Scout Tower
27:53 Scout Tower
27:53 Scout Tower
27:54 Scout Tower
27:54 Scout Tower
27:55 Scout Tower
27:55 Scout Tower
27:57 Guard Tower
28:00 Scout Tower
28:01 Scout Tower
28:02 Scout Tower
28:03 Scout Tower
28:04 Scout Tower
28:08 Scout Tower
28:09 Scout Tower
28:10 Scout Tower
28:11 Scout Tower
28:12 Arcane Tower
28:13 Guard Tower
28:17 Scout Tower
28:17 Scout Tower
28:18 Scout Tower
28:20 Scout Tower
28:21 Scout Tower
28:21 Scout Tower
28:22 Scout Tower
28:23 Scout Tower
28:23 Scout Tower
29:13 Guard Tower
29:31 Guard Tower
30:30 Guard Tower
30:54 Scout Tower
30:56 Scout Tower
30:57 Scout Tower
30:59 Scout Tower
31:02 Guard Tower
31:42 Guard Tower
31:45 Scout Tower
31:46 Scout Tower
32:55 Scout Tower
32:56 Scout Tower
32:57 Scout Tower
32:57 Scout Tower
32:58 Scout Tower
32:59 Guard Tower
33:46 Guard Tower
34:10 Scout Tower
34:10 Scout Tower
35:27 Guard Tower
36:37 Scout Tower
36:38 Scout Tower
37:45 Arcane Tower
37:48 Scout Tower
37:49 Scout Tower
37:51 Scout Tower
37:52 Scout Tower
37:53 Scout Tower
37:53 Scout Tower
37:54 Scout Tower
37:54 Scout Tower
37:55 Scout Tower
38:35 Arcane Tower
40:39 Guard Tower
40:45 Scout Tower
40:46 Scout Tower
40:47 Scout Tower
40:47 Scout Tower
40:48 Scout Tower
40:48 Scout Tower
40:48 Scout Tower
40:49 Scout Tower
40:49 Scout Tower
40:49 Scout Tower
40:51 Guard Tower
42:19 Arcane Tower
42:20 Guard Tower
42:26 Scout Tower
42:27 Scout Tower
42:28 Scout Tower
42:29 Scout Tower
42:29 Scout Tower
42:30 Scout Tower
42:31 Scout Tower
42:31 Scout Tower
42:32 Scout Tower
42:32 Scout Tower
43:28 Guard Tower
43:38 Farm
43:39 Farm
43:39 Farm
43:40 Farm
43:41 Farm
43:42 Farm
43:45 Guard Tower
44:44 Scout Tower
44:44 Scout Tower
44:46 Scout Tower
44:47 Scout Tower
44:48 Scout Tower
46:12 Guard Tower
46:56 Guard Tower
69:28 Gryphon Aviary
71:06 Gryphon Aviary
71:07 Farm
71:07 Farm
71:13 Farm
71:14 Farm
» items
| Healing Salve | 9 | |
| Scroll of Speed | 3 | |
| Staff of Sanctuary | 3 | |
| Orb of Lightning | 3 | |
| Scroll of Regeneration | 2 | |
| Scroll of Town Portal | 7 | |
| Potion of Healing | 1 | |
28 total
matathemyra (
green | 141 APM | 11123 actions | 78:56)
6 Archmage
3 Blizzard
2 Brilliance Aura
1 Mass Teleport
5 Pandaren Brewmaster
3 Breath of Fire
2 Drunken Haze
4 Pit Lord
2 Rain of Fire
2 Howl of Terror
» actions
| Assign group hotkey | 417 | |
| Basic commands | 196 | |
| Build / train | 188 | |
| ESC pressed | 8 | |
| Enter build submenu | 104 | |
| Enter hero's abilities submenu | 17 | |
| Give item / drop item | 6 | |
| Remove unit from queue | 3 | |
| Right click | 5504 | |
| Select / deselect | 2252 | |
| Select group hotkey | 1890 | |
| Use ability | 538 | |
11123 total
» units
| Peasant | 26 | |
| Sorceress | 2 | |
| Spell Breaker | 1 | |
| Gryphon Rider | 10 | |
| Priest | 3 | |
42 total
» upgrades
| Masonry | 3 | |
| Lumber Harvesting | 2 | |
| Magic Sentry | 1 | |
| Sorceress Training | 2 | |
| Control Magic | 1 | |
| Priest Training | 2 | |
| Swords | 4 | |
| Plating | 1 | |
| Animal War Training | 1 | |
| Armor | 3 | |
| Storm Hammers | 1 | |
21 total
» buildings
| Altar of Kings | 1 | |
| Lumber Mill | 1 | |
| Farm | 17 | |
| Scout Tower | 123 | |
| Arcane Tower | 9 | |
| Guard Tower | 68 | |
| Keep | 1 | |
| Arcane Vault | 2 | |
| Town Hall | 2 | |
| Castle | 1 | |
| Arcane Sanctum | 1 | |
| Blacksmith | 2 | |
| Barracks | 1 | |
| Gryphon Aviary | 3 | |
232 total
» build order
00:07 Altar of Kings
00:20 Lumber Mill
00:32 Farm
01:04 Scout Tower
01:16 Scout Tower
01:29 Scout Tower
01:30 Arcane Tower
01:42 Arcane Tower
01:43 Arcane Tower
01:51 Scout Tower
02:01 Scout Tower
02:07 Guard Tower
02:07 Guard Tower
02:26 Scout Tower
02:28 Guard Tower
02:34 Farm
03:11 Guard Tower
03:11 Guard Tower
03:15 Guard Tower
03:15 Guard Tower
03:17 Scout Tower
03:40 Scout Tower
03:44 Scout Tower
03:44 Guard Tower
04:17 Guard Tower
04:17 Guard Tower
04:18 Scout Tower
04:19 Scout Tower
04:20 Scout Tower
04:21 Guard Tower
04:22 Scout Tower
04:22 Scout Tower
04:24 Scout Tower
04:24 Scout Tower
04:30 Scout Tower
04:30 Scout Tower
04:32 Scout Tower
04:50 Guard Tower
04:50 Guard Tower
05:04 Farm
05:16 Guard Tower
05:16 Guard Tower
05:18 Scout Tower
05:19 Scout Tower
05:28 Guard Tower
05:28 Guard Tower
05:29 Guard Tower
05:30 Guard Tower
05:30 Guard Tower
06:14 Guard Tower
06:14 Guard Tower
06:15 Scout Tower
06:16 Scout Tower
06:17 Guard Tower
06:17 Guard Tower
06:20 Scout Tower
06:20 Scout Tower
06:34 Scout Tower
06:35 Scout Tower
06:47 Guard Tower
06:47 Guard Tower
07:04 Guard Tower
07:04 Guard Tower
07:10 Guard Tower
07:10 Guard Tower
07:15 Guard Tower
07:16 Guard Tower
07:20 Scout Tower
07:21 Scout Tower
07:49 Guard Tower
07:49 Guard Tower
08:22 Scout Tower
08:23 Scout Tower
08:24 Scout Tower
08:24 Scout Tower
08:30 Scout Tower
08:31 Scout Tower
08:32 Scout Tower
08:33 Scout Tower
08:34 Scout Tower
08:53 Guard Tower
09:55 Guard Tower
11:14 Keep
12:41 Arcane Vault
12:41 Arcane Vault
13:13 Town Hall
13:15 Scout Tower
13:16 Scout Tower
13:17 Scout Tower
13:18 Scout Tower
13:20 Guard Tower
13:20 Guard Tower
13:21 Scout Tower
13:22 Scout Tower
13:22 Scout Tower
13:22 Scout Tower
13:23 Scout Tower
13:24 Scout Tower
13:25 Scout Tower
13:25 Scout Tower
13:41 Farm
13:41 Farm
13:59 Farm
14:18 Castle
14:54 Scout Tower
14:55 Scout Tower
14:56 Scout Tower
14:56 Scout Tower
15:07 Guard Tower
15:07 Guard Tower
15:07 Scout Tower
15:08 Scout Tower
15:08 Scout Tower
15:09 Scout Tower
15:10 Scout Tower
15:10 Scout Tower
15:11 Scout Tower
15:16 Guard Tower
15:16 Guard Tower
15:53 Guard Tower
15:53 Guard Tower
16:30 Guard Tower
16:30 Guard Tower
16:40 Guard Tower
16:40 Guard Tower
17:06 Guard Tower
17:06 Guard Tower
19:55 Farm
19:55 Farm
19:57 Farm
19:57 Farm
19:58 Farm
21:44 Guard Tower
21:46 Scout Tower
21:47 Scout Tower
21:48 Scout Tower
22:17 Arcane Sanctum
24:54 Guard Tower
24:54 Guard Tower
24:55 Scout Tower
24:55 Scout Tower
24:56 Scout Tower
24:57 Scout Tower
24:57 Scout Tower
28:13 Guard Tower
28:13 Guard Tower
28:14 Scout Tower
28:14 Scout Tower
28:15 Scout Tower
28:15 Scout Tower
28:16 Scout Tower
28:16 Scout Tower
31:01 Guard Tower
31:01 Guard Tower
35:33 Scout Tower
35:33 Scout Tower
35:33 Scout Tower
35:35 Scout Tower
35:35 Scout Tower
35:35 Scout Tower
35:36 Scout Tower
35:36 Scout Tower
35:36 Scout Tower
35:36 Scout Tower
35:36 Scout Tower
35:45 Scout Tower
35:46 Scout Tower
35:46 Scout Tower
35:47 Scout Tower
35:48 Scout Tower
35:49 Scout Tower
35:49 Scout Tower
35:49 Scout Tower
35:50 Scout Tower
35:51 Scout Tower
35:51 Scout Tower
35:52 Scout Tower
35:52 Scout Tower
35:52 Scout Tower
35:53 Scout Tower
36:38 Guard Tower
36:44 Scout Tower
36:44 Scout Tower
36:45 Scout Tower
36:45 Scout Tower
36:45 Scout Tower
36:46 Scout Tower
36:47 Scout Tower
37:21 Guard Tower
37:45 Guard Tower
37:45 Guard Tower
38:08 Scout Tower
38:09 Scout Tower
38:10 Scout Tower
38:16 Scout Tower
38:17 Scout Tower
38:18 Scout Tower
38:22 Guard Tower
38:23 Guard Tower
38:47 Guard Tower
40:11 Arcane Tower
40:19 Farm
40:20 Farm
40:20 Farm
44:48 Farm
46:04 Scout Tower
46:06 Scout Tower
47:01 Guard Tower
47:01 Guard Tower
50:47 Scout Tower
54:13 Scout Tower
54:52 Scout Tower
56:06 Arcane Tower
56:58 Scout Tower
56:59 Scout Tower
57:00 Scout Tower
57:02 Scout Tower
57:25 Guard Tower
57:25 Guard Tower
57:42 Arcane Tower
57:42 Arcane Tower
58:09 Arcane Tower
58:09 Arcane Tower
61:16 Blacksmith
61:18 Blacksmith
61:23 Barracks
69:09 Farm
69:09 Farm
69:16 Gryphon Aviary
69:17 Gryphon Aviary
69:18 Gryphon Aviary
72:43 Town Hall
» items
| Healing Salve | 4 | |
| Orb of Lightning | 3 | |
| Staff of Sanctuary | 3 | |
| Scroll of Town Portal | 6 | |
| Scroll of Regeneration | 1 | |
17 total
Chat log
(16:53 / All) dogsandhorse.ru: hi guy's? from?
(17:02 / All) comboplus: fin
(23:21 / All) iggy_the_fisk: läget i österbotten?
(23:26 / All) Hypello: helt jees
(26:35 / All) dogsandhorse.ru: good stomp
(26:38 / All) iggy_the_fisk: nice stomp... NOT!
(26:49 / All) Hypello: bäst
(38:19 / All) Hypello: is this really fun=?
(38:22 / All) dogsandhorse.ru: Really
(38:23 / All) iggy_the_fisk: extremely
(38:31 / All) Hypello: trevligt att höra
(73:55 / All) iggy_the_fisk: bye noobs
(74:28 / All) dogsandhorse.ru: this is fun for you?
(74:37 / All) iggy_the_fisk: losing and losing and losing?